 Dungeon Crawl Stone Soup version 0.29.1-2-gbd0b4ee654 (webtiles) character file.

Game seed: 2952142027688102627

1574 hawla the Thaumaturge (level 9, -5/64 HPs)
             Began as a Meteoran Ice Elementalist on Nov 1, 2022.
             Was an Initiate of Vehumet.
             Slain by a vampire mosquito (10 damage)
             ... on level 7 of the Dungeon.
             The game lasted 00:19:23 (4046 turns).

hawla the Thaumaturge (Meteoran Ice Elementalist)   Turns: 4046, Time: 00:19:25

Health: -5/64      AC:  3    Str:  8    XL:     9   Next: 36%
Magic:  12/22      EV: 13    Int: 27    God:    Vehumet [......]
Gold:   641        SH:  5    Dex: 15    Spells: 17/25 levels left

rFire   . . .      SeeInvis .   (no weapon)
rCold   . . .      Faith    .   (no shield)
rNeg    . . .      Spirit   .   a - +0 robe
rPois   .          Reflect  +   n - +0 hat
rElec   .          Harm     .   (no cloak)
rCorr   .          Rampage  .   (no gloves)
Will    +....                   f - +0 pair of boots
Stlth   +.........              w - amulet of reflection
HPRegen 0.20/turn               d - +6 ring of intelligence
MPRegen 0.18/turn               (no ring)

@: mighty, glowing
A: sense surroundings 2, otherworldly, glowing, explore regen, hooves 1, weak 1
a: Renounce Religion


You were on level 7 of the Dungeon.
You worshipped Vehumet.
Vehumet was noncommittal.
You visited 2 branches of the dungeon, and saw 8 of its levels.
You also visited: Sewer.

You collected 641 gold pieces.

Inventory:

Armour
 a - a +0 robe (worn)
 f - a +0 pair of boots (worn)
 n - a +0 hat (worn)
Jewellery
 d - a +6 ring of intelligence (left hand)
 w - an amulet of reflection (around neck)
Wands
 j - a wand of charming (16) (quivered)
 m - a wand of polymorph (7)
 o - a wand of flame (13)
Scrolls
 c - a scroll of teleportation {unknown}
 g - a scroll of blinking
 x - a scroll of enchant armour {unknown}
Potions
 b - 2 potions of magic
 e - 3 potions of lignification {unknown}
 h - a potion of degeneration
 i - a potion of flight
 k - 2 potions of curing {unknown}
 l - a potion of heal wounds {unknown}
 p - a potion of ambrosia
 q - 2 potions of cancellation {unknown}
 r - a potion of invisibility {unknown}
 s - a potion of might
 t - a potion of resistance {unknown}
 u - 2 potions of attraction {unknown}
 v - 2 potions of brilliance {unknown}


   Skills:
 + Level 1.2 Fighting
 + Level 3.5 Dodging
 - Level 1.4 Stealth
 + Level 8.9 Spellcasting
 + Level 3.9 Conjurations
 + Level 8.6 Ice Magic
 + Level 2.0 Evocations


You had 17 spell levels left.
You knew the following spells:

 Your Spells              Type           Power      Damage    Failure   Level
a - Freeze                Ice            100%       1d11      1%          1
b - Frozen Ramparts       Ice            100%       1d16      1%          3
c - Hailstorm             Conj/Ice       45%        3d10      3%          4

Your spell library contained the following spells:

 Spells                   Type           Power      Damage    Failure   Level
 Ozocubu's Armour         Ice            55%        N/A       1%          3


Dungeon Overview and Level Annotations

Branches:
Dungeon (7/15) Zot: 383    Temple (1/1) D:6 Zot: 495   Sewer (visited)

Altars:
Cheibriados
Dithmenos
Elyvilon
Nemelex Xobeh
Okawaru
Qazlal
Sif Muna
Uskayaw
Vehumet
Wu Jian
Yredelemnul
Zin


Innate Abilities, Weirdness & Mutations

You passively map the area around you.
You are easily found by Zot.
You glow in the dark.
You regain HP and MP as you explore.
You have large cloven feet.
You are weak. (Str -2)


Message History

A vampire mosquito comes into view.
A vampire mosquito comes into view. x2
A vampire mosquito comes into view.
Casting: Hailstorm (dangerous; 3% risk of failure)
Confirm with . or Enter, or press ? or * to list all spells.
Casting: Hailstorm (dangerous; 3% risk of failure)
Press: ? - help, Dir - look around, f - activate A cannonade of hail descends around you!
The hail pelts the vampire mosquito!
The vampire mosquito is moderately damaged.
The hail pelts the vampire mosquito!
The vampire mosquito is heavily damaged.
The vampire mosquito buzzes angrily.
The vampire mosquito bites you!
The vampire mosquito draws strength from your injuries!
You block the vampire mosquito's attack.
The vampire mosquito buzzes angrily.
The vampire mosquito completely misses you.
The vampire mosquito barely misses you. The vampire mosquito bites you!
The vampire mosquito draws strength from your injuries!
The vampire mosquito bites you!
The vampire mosquito draws strength from your injuries!
The vampire mosquito attacks as you move away!
The vampire mosquito bites you.
The vampire mosquito draws strength from your injuries!
The vampire mosquito attacks as you move away!
The vampire mosquito bites you!
The vampire mosquito draws strength from your injuries!
The vampire mosquito bites you!
* * * LOW HITPOINT WARNING * * *
The vampire mosquito draws strength from your injuries!
The vampire mosquito closely misses you.
It was a potion of might.
You feel very mighty all of a sudden. The vampire mosquito bites you!
* * * LOW HITPOINT WARNING * * *
The vampire mosquito draws strength from your injuries!
The vampire mosquito bites you!
You die...

.......................# ,, ,
..#.#.........<.#......##....##.,
....###......##........#.....#..,
.....#........#................ ,
##...........##..............#
##.....#......##.............##
.....#.##.....##y.....#.......###
......##......#.yy....#.........#
###............y@..#............#
.#..##.....)####...#.......#..#.#
.............# ##........###.##.#
.#....##....#######......###.....
.###..###...#..#####†...##....##.
..#................#.?###........
.......#...####......####........
............# ##..#.####.....[...
........##### ##..#..............


You could see 4 vampire mosquitoes.

Vanquished Creatures
  A wyvern (D:5)
  2 water moccasins
  Pargi (Sewer)
  An ogre (D:6)
  A centaur (D:6)
  A phantom (D:7)
  Blork the orc (D:5)
  2 scorpions (D:6)
  2 bullfrogs
  2 hounds
  An orc priest (D:5)
  4 jellies
  Jessica (D:2)
  3 iguanas
  3 orc wizards
  10 adders
  A river rat (D:5)
  An ufetubus (D:4)
  4 dart slugs
  15 orcs
  5 endoplasms
  5 giant cockroaches
  5 goblins
  2 hobgoblins
  4 jackals (D:2)
  5 kobolds
  A quokka (D:4)
  5 ball pythons
  2 bats
  2 frilled lizards
  2 rats
95 creatures vanquished.

Vanquished Creatures (others)
  A plant (D:6)
1 creature vanquished.

Grand Total: 96 creatures vanquished

Notes
Turn   | Place    | Note
-------+----------+-------------------------------------------
     0 | D:1      | hawla the Meteoran Ice Elementalist began the quest for the
                  | Orb.
     0 | D:1      | Reached XP level 1. HP: 14/14 MP: 5/5
    47 | D:1      | Reached XP level 2. HP: 16/20 MP: 0/6
   106 | D:1      | Found a faded altar of an unknown god.
   501 | D:1      | Glimpsed the power of Zot.
   541 | D:2      | Gained mutation: You are weak. (Str -2) [potion of
                  | mutation]
   541 | D:2      | Gained mutation: You do not regenerate when monsters are
                  | visible. [potion of mutation]
   541 | D:2      | Gained mutation: Your flesh is cold resistant. (rC+)
                  | [potion of mutation]
   541 | D:2      | Gained mutation: You have sharp toenails. [potion of
                  | mutation]
   542 | D:2      | Lost mutation: You have sharp toenails. [potion of
                  | mutation]
   542 | D:2      | Lost mutation: You do not regenerate when monsters are
                  | visible. [potion of mutation]
   542 | D:2      | Lost mutation: Your flesh is cold resistant. (rC+) [potion
                  | of mutation]
   542 | D:2      | Gained mutation: You have large cloven feet. [potion of
                  | mutation]
   542 | D:2      | Gained mutation: You have a pair of small horns on your
                  | head. [potion of mutation]
   542 | D:2      | Lost mutation: You have a pair of small horns on your head.
                  | [potion of mutation]
   552 | D:2      | Found an ornate altar of the Wu Jian Council.
   591 | D:2      | Reached XP level 3. HP: 26/26 MP: 5/8
   595 | D:2      | Learned a level 3 spell: Frozen Ramparts
   622 | D:2      | Reached skill level 5 in Ice Magic
  1093 | D:2      | Reached XP level 4. HP: 31/33 MP: 2/10
  1098 | D:2      | Learned a level 4 spell: Hailstorm
  1101 | D:2      | Glimpsed the power of Zot.
  1128 | D:2      | Noticed Jessica
  1131 | D:2      | Killed Jessica
  1151 | D:2      | Glimpsed the power of Zot.
  1393 | D:3      | Reached XP level 5. HP: 38/38 MP: 7/11
  1476 | D:3      | Reached skill level 1 in Conjurations
  1701 | D:3      | Glimpsed the power of Zot.
  1737 | D:4      | Reached XP level 6. HP: 34/45 MP: 4/12
  2075 | D:4      | Found a glowing silver altar of Zin.
  2193 | D:4      | Found a snail-covered altar of Cheibriados.
  2302 | D:4      | Glimpsed the power of Zot.
  2312 | D:5      | Entered Level 5 of the Dungeon
  2382 | D:5      | Noticed a water moccasin
  2386 | D:5      | Reached XP level 7. HP: 38/50 MP: 7/14
  2387 | D:5      | Killed a water moccasin
  2388 | D:5      | Noticed Blork the orc
  2395 | D:5      | Killed Blork the orc
  2396 | D:5      | Reached skill level 5 in Spellcasting
  2626 | D:5      | Noticed a wyvern
  2631 | D:5      | Killed a wyvern
  2632 | D:5      | Reached XP level 8. HP: 45/58 MP: 0/18
  2876 | D:6      | Identified a scroll of acquirement
  2876 | D:6      | Acquired 357 gold pieces
  3083 | D:6      | Reached skill level 1 in Fighting
  3207 | D:6      | Found a glowing drain.
  3223 | Sewer    | Entered a sewer
  3303 | Sewer    | Noticed Pargi
  3307 | Sewer    | Killed Pargi
  3308 | Sewer    | Gained mutation: You passively map the area around you.
                  | [Meteoran growth]
  3308 | Sewer    | Reached XP level 9. HP: 58/64 MP: 15/21
  3460 | D:6      | Found a staircase to the Ecumenical Temple.
  3472 | Temple   | Entered the Ecumenical Temple
  3553 | Temple   | Became a worshipper of Vehumet
  3993 | D:7      | Found a shadowy altar of Dithmenos.
  4046 | D:7      | Slain by a vampire mosquito

Illustrated notes

Levels and vault maps discovered:
D:1:      onia_arrival_mini_maze_b, layout_basic, basic_ecumenical_altar,
          reono_crystal_passage, st_stairs_4
D:2:      layout_loops_cross, basic_altar, uniq_jessica, uniq_crazy_yiuf_cottage
D:3:      layout_basic
D:4:      layout_cave_pools, cheibriados_altar_1, old_standard_altar,
          nicolae_hexahallways
D:5:      layout_gridville, corexii_checkpoint_b, uniq_blork_the_orc
D:6:      layout_rooms, minmay_temple_entry_nine_rooms, portal_sewer_entry_d,
          corexii_shack, chequers_mini_garden, nicolae_titane
D:7:      layout_cave_pools, grunt_dithmenos_shadows
Temple:   oiseaux_autumnal_temple

Skill      XL: |  1  2  3  4  5  6  7  8  9 |
---------------+----------------------------+-----
Spellcasting   | 3 4 6 7 8 |  8.9
Ice Magic      | 5 6 7 8 |  8.6
Conjurations   | 3 |  3.9
Dodging        | 3 |  3.5
Evocations     | 2 |  2.0
Fighting       | 1 |  1.2
Stealth        | |  1.4

Action                   |  1- 3 |  4- 6 |  7- 9 || total
-------------------------+-------+-------+-------++-------
Melee: Unarmed           |    11 |    18 |    14 ||    43
 Cast: Freeze            |    19 |    12 |    40 ||    71
       Frozen Ramparts   |     7 |    18 |    22 ||    47
       Hailstorm         |       |     5 |    10 ||    15
Evoke: Wand              |       |       |     3 ||     3
  Use: Scroll            |     4 |     3 |     7 ||    14
       Potion            |     2 |       |     1 ||     3
Armor: Robe              |    10 |    14 |     6 ||    30
Dodge: Dodged            |     4 |    19 |    37 ||    60
Block: Other             |       |       |     5 ||     5
